Map: Frozen Temple

Players

SortOf - Winner!

  • Race: Zerg Zerg
  • League: Grandmaster

TAiLS

  • Race: Protoss Protoss
  • League: Grandmaster

VOD

Have the link to the VOD?

Description

Time

  • Played on: Oct. 30, 2016, 9:19 a.m.
  • Length: 10:39
Show
View Real Time Build Order
Export as new Build Order

SortOf Zerg - Winner!

Build Orders: Hatch First 

Get SALT Encoding   

  12  0:01  Drone  
  13  0:13  Overlord  
  13  0:17  Drone  
  14  0:31  Drone x2  
  16  0:48  Unknown, Hatchery  
  15  0:51  Drone  
  15  0:55  Drone  
  17  0:59  Drone  
  18  1:09  Extractor  
  17  1:15  Spawning Pool  
  17  1:17  Drone  
  17  1:20  Drone  
  18  1:28  Drone  
  19  1:38  Overlord  
  19  1:50  Drone  
  20  2:00  Unknown  
  20  2:01  Queen, Drone  
  20  2:02  Zergling x2  
  20  2:03  Queen  
  26  2:10  Metabolic Boost  
  26  2:12  Drone x2  
  28  2:24  Drone x2  
  30  2:35  Unknown, Hatchery  
  29  2:40  Zergling x4  
  31  2:44  Overlord  
  31  2:49  Drone  
  32  2:54  Drone x2  
  34  3:03  Pneumatized Carapace  
  34  3:08  Drone  
  34  3:09  Drone x2  
  37  3:15  Spore Crawler  
  37  3:16  Drone x2  
  38  3:22  Drone x2  
  38  3:23  Queen  
  44  3:27  Zergling x2  
  44  3:45  Baneling Nest, Evolution Chamber, Overlord  
  44  3:46  Unknown  
  44  3:47  Drone x3  
  45  3:49  Zergling x2  
  45  3:51  Queen, Drone x2  
  50  3:58  Overlord  
  50  4:06  Zergling x10  
  55  4:11  Overlord  
  55  4:15  Zergling x4  
  57  4:19  Zerg Melee Weapons Level 1  
  57  4:22  Zergling x10  
  62  4:28  Baneling x2  
  62  4:30  Zergling x4  
  64  4:38  Drone x4  
  66  4:45  Drone x3  
  71  4:48  Overlord  
  71  4:50  Drone x3  
  71  4:51  Overlord  
  74  4:57  Overlord  
  73  5:04  Overlord  
  73  5:06  Queen  
  75  5:07  Drone  
  75  5:08  Drone x3  
  72  5:15  Drone x4  
  66  5:21  Zergling x8  
  66  5:22  Zergling x8  
  74  5:31  Extractor x2, Unknown, Hatchery  
  74  5:33  Lair  
  71  5:39  Drone x4  
  71  5:41  Baneling x4  
  75  5:44  Queen  
  75  5:47  Drone  
  75  5:48  Spore Crawler  
  77  5:51  Spore Crawler  
  77  5:54  Overlord  
  77  5:56  Drone x3  
  79  6:01  Drone x2, Roach Warren  
  79  6:04  Overlord  
  79  6:07  Zergling x4  
  79  6:11  Overlord  
  81  6:16  Overlord  
  81  6:20  Drone x4  
  81  6:22  Extractor  
  81  6:23  Zergling x12  
  90  6:29  Extractor  
  90  6:30  Extractor, Drone x3  
  90  6:31  Drone x2  
  93  6:33  Centrifical Hooks  
  93  6:36  Zerg Melee Weapons Level 2  
  93  6:40  Overlord  
  93  6:41  Queen  
  93  6:42  Unknown  
  95  6:48  Roach x4  
  95  6:49  Overseer  
  106  6:54  Roach x2  
  106  6:59  Drone  
  107  7:03  Drone x7  
  107  7:05  Drone x2  
  116  7:11  Drone x2  
  118  7:19  Overlord  
  118  7:22  Drone x2  
  120  7:24  Drone x5  
  120  7:25  Drone x3  
  120  7:26  Infestation Pit  
  120  7:27  Drone  
  128  7:37  Queen x4  
  128  7:38  Overlord  
  128  7:39  Extractor  
  128  7:41  Extractor  
  128  7:43  Overlord  
  134  7:50  Spore Crawler  
  133  7:51  Spore Crawler  
  133  7:53  Spore Crawler  
  133  7:54  Spore Crawler x4  
  133  7:55  Spore Crawler  
  133  7:56  Drone x3  
  133  7:57  Drone x2  
  131  8:02  Ravager x6  
  131  8:05  Zergling x12  
  130  8:27  Zergling x28  
  130  8:30  Drone  
  130  8:31  Drone x3  
  130  8:33  Pathogen Glands, Hive  
  141  8:40  Drone  
  141  8:41  Drone x4  
  143  8:46  Queen x3  
  131  8:59  Roach x5  
  139  9:05  Spore Crawler x2  
  139  9:06  Baneling x8  
  139  9:09  Baneling x12  
  137  9:18  Spine Crawler  
  137  9:22  Queen x2  
  140  9:25  Infestor x2  
  140  9:26  Overlord  
  140  9:30  Overlord  
  144  9:33  Unknown, Hatchery  
  144  9:34  Overlord  
  144  9:35  Infestor, Overlord x2  
  142  9:44  Infestor x7  
  150  9:49  Queen  
  151  9:54  Ultralisk Cavern  
  151  9:58  Ravager x2  
  151  9:59  Roach x2  
  156  10:01  Roach, Zergling x16  
  166  10:08  Zergling x14  
  166  10:09  Zergling x2  
Show
View Real Time Build Order
Export as new Build Order

TAiLS Protoss 

Build Orders: 1 Gate Expand 

Get SALT Encoding   

  12  0:01  Probe (Chrono Boost)  
  13  0:11  Probe (Chrono Boost)  
  14  0:17  Pylon  
  14  0:22  Probe (Chrono Boost)  
  15  0:36  Probe (Chrono Boost)  
  15  0:39  Gateway  
  16  0:47  Probe (Chrono Boost), Assimilator  
  17  0:57  Probe (Chrono Boost)  
  18  1:18  Nexus, Unknown  
  18  1:22  Probe (Chrono Boost)  
  20  1:32  Probe (Chrono Boost)  
  20  1:37  Cybernetics Core  
  20  1:43  Probe (Chrono Boost)  
  20  1:47  Assimilator  
  21  1:53  Probe (Chrono Boost)  
  21  1:54  Pylon  
  22  2:04  Probe (Chrono Boost)  
  23  2:08  Warp Gate  
  23  2:11  Adept  
  26  2:16  Probe (Chrono Boost)  
  26  2:27  Probe (Chrono Boost)  
  27  2:30  Unknown, Twilight Council  
  27  2:31  Probe (Chrono Boost)  
  28  2:38  Adept, Probe (Chrono Boost)  
  28  2:42  Probe (Chrono Boost)  
  32  2:48  Probe (Chrono Boost)  
  33  2:52  Probe (Chrono Boost)  
  33  2:56  Resonating Glaives  
  34  2:59  Probe (Chrono Boost)  
  34  3:03  Probe (Chrono Boost)  
  36  3:10  Gateway  
  36  3:11  Probe (Chrono Boost)  
  37  3:15  Gateway  
  37  3:19  Probe (Chrono Boost)  
  38  3:22  Adept  
  38  3:23  Probe (Chrono Boost)  
  39  3:33  Mothership Core (Chrono Boost), Pylon  
  42  3:35  Probe (Chrono Boost)  
  42  3:43  Stargate  
  42  3:47  Probe (Chrono Boost)  
  43  3:50  Assimilator  
  43  3:52  Probe (Chrono Boost), Assimilator  
  44  3:59  Probe (Chrono Boost), Pylon  
  45  4:04  Probe (Chrono Boost)  
  47  4:10  Adept, Probe (Chrono Boost)  
  47  4:11  Adept x2  
  47  4:17  Probe (Chrono Boost)  
  54  4:19  Pylon  
  54  4:20  Probe (Chrono Boost)  
  54  4:21  Void Ray  
  55  4:29  Probe (Chrono Boost)  
  55  4:31  Probe (Chrono Boost)  
  61  4:39  Adept, Pylon  
  61  4:41  Probe (Chrono Boost)  
  61  4:43  Probe (Chrono Boost)  
  66  4:53  Probe (Chrono Boost)  
  66  4:54  Probe (Chrono Boost)  
  66  4:55  Nexus, Unknown  
  66  4:58  Pylon  
  67  5:05  Probe (Chrono Boost)  
  67  5:06  Adept  
  67  5:07  Adept  
  65  5:15  Probe (Chrono Boost)  
  65  5:17  Probe (Chrono Boost)  
  64  5:26  Probe (Chrono Boost)  
  66  5:29  Probe (Chrono Boost)  
  66  5:32  Stargate  
  66  5:33  Stargate  
  66  5:35  Void Ray  
  66  5:36  Probe (Chrono Boost)  
  66  5:41  Probe (Chrono Boost)  
  72  5:44  Protoss Air Weapons Level 1  
  72  5:47  Probe (Chrono Boost)  
  73  5:53  Probe (Chrono Boost)  
  74  5:57  Pylon  
  74  5:58  Probe (Chrono Boost)  
  76  6:05  Probe (Chrono Boost)  
  76  6:06  Unknown  
  76  6:09  Probe (Chrono Boost)  
  77  6:12  Probe (Chrono Boost)  
  77  6:17  Void Ray  
  77  6:18  Probe (Chrono Boost)  
  79  6:19  Void Ray x2  
  91  6:30  Probe (Chrono Boost)  
  91  6:31  Probe x2 (Chrono Boost)  
  94  6:32  Pylon  
  94  6:36  Pylon  
  94  6:44  Probe x3 (Chrono Boost)  
  94  6:45  Assimilator  
  97  6:48  Assimilator  
  97  6:54  Void Ray  
  97  6:56  Void Ray  
  101  7:04  Probe x3 (Chrono Boost)  
  101  7:06  Pylon  
  101  7:07  Pylon  
  108  7:08  Pylon  
  108  7:10  Sentry x3  
  114  7:18  Probe x3 (Chrono Boost)  
  114  7:19  Pylon  
  117  7:24  Pylon  
  117  7:30  Unknown  
  117  7:31  Phoenix  
  117  7:34  Phoenix  
  117  7:36  Phoenix  
  119  7:41  Adept x3  
  129  7:52  Phoenix  
  129  7:56  Phoenix  
  129  7:57  Phoenix  
  131  8:02  Adept x3  
  141  8:05  Forge  
  141  8:12  Pylon  
  141  8:14  Phoenix, Pylon  
  141  8:15  Pylon  
  141  8:18  Phoenix  
  141  8:19  Phoenix  
  109  8:31  Adept x3  
  109  8:36  Phoenix  
  109  8:39  Phoenix  
  109  8:41  Phoenix  
  111  8:52  Adept x3  
  111  8:58  Phoenix  
  111  9:01  Phoenix  
  111  9:02  Phoenix  
  113  9:09  Nexus, Unknown  
  117  9:10  Pylon  
  117  9:12  Adept  
  117  9:13  Adept x2  
  122  9:20  Phoenix  
  122  9:23  Phoenix  
  124  9:24  Phoenix  
  128  9:35  Sentry  
  124  9:43  Probe x3 (Chrono Boost)  
  110  9:52  Adept x2  
  112  9:55  Probe x2 (Chrono Boost)  
  112  9:56  Probe (Chrono Boost), Void Ray x2  
  127  10:09  Probe x2 (Chrono Boost)  
  127  10:13  Probe (Chrono Boost)  
  128  10:20  Unknown  
  123  10:21  Probe (Chrono Boost)  
Tags
 
Add a new tag
Caveats
  • Supply blocks, unpowered buildings, or Contaminate may cause inaccurate times.
  • Supply counts are checked every 10 seconds.